 Dungeon Crawl Stone Soup version 0.21.0 (webtiles) character file.

115 AgrsvlyMoist the Conjurer (level 4, -1/33 HPs)
             Began as a Draconian Conjurer on July 23, 2018.
             Killed by divine providence
             ... invoked by an orc priest
              (11 damage)
             ... on level 4 of the Dungeon.
             The game lasted 00:29:49 (3284 turns).

AgrsvlyMoist the Conjurer (Draconian Conjurer)      Turns: 3284, Time: 00:29:50

Health: -1/33      AC:  5    Str: 11    XL:     4   Next: 68%
Magic:  5/8        EV: 12    Int: 16    God:
Gold:   129        SH:  0    Dex: 11    Spells: 6/9 levels left

rFire    . . .     SeeInvis .   i - +0 dagger (flame)
rCold    . . .     Gourm    .   (no shield)
rNeg     . . .     Faith    .   (armour unavailable)
rPois    .         Spirit   .   (helmet restricted)
rElec    .         Reflect  .   (no cloak)
rCorr    .         Harm     .   (no gloves)
MR       .....                  (no boots)
Stlth    ++........             (no amulet)
HPRegen  0.11/turn              (no ring)
MPRegen  0.11/turn              (no ring)

@: no status effects
A: unfitting armour, cold-blooded, AC +5
a: no special abilities


You were on level 4 of the Dungeon.
You were hungry.

You visited 1 branch of the dungeon, and saw 4 of its levels.

You collected 129 gold pieces.

Inventory:

Hand Weapons
 e - a +0 short sword
 i - a +0 dagger of flaming (weapon)
Jewellery
 c - an uncursed ring of teleportation
 j - a -3 ring of evasion
Scrolls
 f - 4 scrolls of immolation {unknown}
 h - a scroll of identify {unknown}
 m - a scroll of magic mapping {unknown}
 n - 2 scrolls of remove curse
 o - a scroll of teleportation {unknown}
 p - a scroll of fear {unknown}
 r - a scroll of amnesia {unknown}
Potions
 d - 2 potions of heal wounds {unknown}
 g - a potion of lignification {unknown}
 k - a potion of curing {unknown}
 l - 2 potions of brilliance {unknown}
 q - a potion of invisibility {unknown}
 s - a potion of might {unknown}
Books
 a - a book of Conjurations

   Spells                             Type                      Level
   a - Magic Dart                     Conjuration                  1
   b - Searing Ray                    Conjuration                  2
   c - Dazzling Spray                 Conjuration/Hexes            3
   d - Fulminant Prism                Conjuration/Hexes            4
   e - Force Lance                    Conjuration/Translocation    4
   f - Iskenderun's Mystic Blast      Conjuration                  4
Comestibles
 b - 8 rations
 t - 5 chunks of flesh


   Skills:
 - Level 1.7 Dodging
 - Level 1.7 Stealth
 + Level 3.3 Spellcasting
 + Level 5.3 Conjurations


You had 6 spell levels left.
You knew the following spells:

 Your Spells              Type           Power        Failure   Level  Hunger
a - Magic Dart            Conj           ###.         1%          1    None
b - Searing Ray           Conj           ###...       3%          2    ##.....


Dungeon Overview and Level Annotations

Branches:
Dungeon (4/15)
 Temple: D:4-7

Altars:
Gozag
Hepliaklqana

Annotations:
D:3 AgrsvlyMoist's ghost, weakling DrAE


Innate Abilities, Weirdness & Mutations

Your plain brown scales are hard. (AC +5)
You cannot fit into any form of body armour.
You are cold-blooded and may be slowed by cold attacks.


Message History

The magic dart hits the quokka.
You kill the quokka!
The hound skeleton bites you.
* * * LOW HITPOINT WARNING * * *
The hound skeleton barely misses you.
Found a whip.
You see here a quokka corpse.
An orc priest comes into view.
The hound skeleton barely misses you.
Found 6 gold pieces.
Found a stone staircase leading up.
The orc priest shouts!
Found a scroll labeled OHAIMOETEA.
The hound skeleton misses you.
The hound skeleton bites you but does no damage.
An orc comes into view. It is wielding a dagger.
The orc moves out of view.
An orc wizard and a skeleton come into view.
The orc priest invokes the aid of Beogh against you.
Beogh smites you!
You die...

###.....# .....Z..+
........# ........#
.o....<.# #.....
#.....# #.(..# ..#
###.....# #...>##..#
......o@# ..>......#
......gZ######$.......#
.$.)....##..##........#
?.....................#
..........†...........#
.#..#..###..###..###.#
####..########..###.#
#..........#......#
#..........#......+


You could see an orc priest, an orc wizard (wandering), a gnoll and 2 hound
skeletons.

Vanquished Creatures
  4 adders
  An ooze (D:1)
  2 worms (D:2)
  A dart slug (D:2)
  4 leopard geckos
  4 giant cockroaches
  6 goblins
  10 hobgoblins
  4 jackals (D:3)
  5 kobolds
  2 quokkas
  5 bats
  4 frilled lizards
  7 rats
59 creatures vanquished.

Notes
Turn   | Place    | Note
-------+----------+-------------------------------------------
     0 | D:1      | AgrsvlyMoist the Draconian Conjurer began the quest for the Orb.
     0 | D:1      | Reached XP level 1. HP: 14/14 MP: 3/3
   420 | D:1      | Reached XP level 2. HP: 20/20 MP: 0/5
   991 | D:1      | Learned a level 2 spell: Searing Ray
  1092 | D:1      | Reached XP level 3. HP: 26/26 MP: 2/6
  1670 | D:2      | Found a hazy altar of Hepliaklqana.
  2131 | D:2      | Reached skill level 5 in Conjurations
  2131 | D:2      | Reached XP level 4. HP: 13/33 MP: 0/8
  2653 | D:2      | Found an opulent altar of Gozag.
  3191 | D:3      | Noticed AgrsvlyMoist's ghost (weakling DrAE)
  3284 | D:4      | Killed from afar by an orc priest

Skill      XL: |  1  2  3  4 |
---------------+-------------+-----
Conjurations   | 5 |  5.3
Spellcasting   | 3 |  3.3
Dodging        | |  1.7
Stealth        | |  1.7

Action                   |  1- 3 |  4- 6 || total
-------------------------+-------+-------++-------
Melee: Unarmed           |     3 |       ||     3
       Tailslap          |     3 |       ||     3
       Short sword       |     5 |       ||     5
       Dagger            |     9 |     2 ||    11
 Cast: Magic Dart        |    74 |    56 ||   130
       Searing Ray       |     8 |     3 ||    11
  Use: Scroll            |     2 |       ||     2
  Eat: Chunk             |     5 |     3 ||     8
Armor: Skin              |    11 |     6 ||    17
Dodge: Dodged            |    46 |    20 ||    66
